 Dungeon Crawl Stone Soup version 0.16.1 (webtiles) character file.

170 Palladion the Gusty (level 5, -5/28 HPs)
             Began as a Tengu Air Elementalist on Mar 23, 2015.
             Slain by an orc
             ... wielding a +1 whip of electrocution
              (6 damage)
             ... on level 4 of the Dungeon.
             The game lasted 00:08:31 (2527 turns).

Palladion the Gusty (Tengu Air Elementalist)        Turns: 2527, Time: 00:08:31

Health: -5/28      AC:  3    Str:  8    XL:     5   Next: 51%
Magic:  22/22      EV: 12    Int: 17    God:
Gold:   181        SH:  0    Dex: 14    Spells: 1 memorised, 9 levels left

rFire  . . .     SeeInvis +     p - +7 club
rCold  . . .     Clarity  .     a - +0 robe
rNeg   . . .     SustAb   .     (no shield)
rPois  .         Gourm    .     (helmet restricted)
rElec  .         Spirit   .     t - +0 cloak
rCorr  .         Warding  .     (no gloves)
rMut   .         Stasis   .     (boots unavailable)
MR     .....                    (no amulet)
Stlth  ++........               v - ring of magical power
                                s - ring of see invisible

@: not resistant to hostile enchantments, unstealthy
A: able to fly, beak, talons 3
a: Fly


You were on level 4 of the Dungeon.
You were not hungry.

You visited 1 branch of the dungeon, and saw 4 of its levels.

You collected 181 gold pieces.

Inventory:

Hand weapons
 p - a +7 club (weapon)
 r - a +0 dagger of draining
 y - a +0 blowgun
 z - a +0 dagger of venom
Armour
 a - a +0 robe (worn)
 n - a +0 buckler
 t - a +0 cloak (worn)
Jewellery
 s - a ring of see invisible (left hand)
 v - a ring of magical power (right hand)
Magical devices
 o - a wand of enslavement (12)
Scrolls
 i - 2 scrolls of identify {unknown}
 j - a scroll of blinking {unknown}
 k - a scroll of teleportation {unknown}
 m - 2 scrolls of magic mapping {unknown}
 q - a scroll of immolation {unknown}
Potions
 d - a potion of haste {unknown}
 e - 2 potions of heal wounds {unknown}
 g - a potion of decay {unknown}
 l - a potion of curing {unknown}
 x - a potion of cure mutation {unknown}
Books
 b - a book of Air

   Spells                             Type                      Level
   a - Shock                          Conjuration/Air              1
   b - Swiftness                      Charms/Air                   2
   c - Repel Missiles                 Charms/Air                   2
   d - Flight                         Charms/Air                   3
   e - Static Discharge               Conjuration/Air              3
   f - Lightning Bolt                 Conjuration/Air              5
Comestibles
 c - 5 bread rations
 f - 3 fruits
 h - 2 royal jellies
 u - a meat ration
 w - a beef jerky


   Skills:
 - Level 2.1 Dodging
 - Level 2.0 Stealth
 + Level 3.3 Spellcasting
 + Level 4.0 Conjurations
 + Level 5.5 Air Magic


You had 9 spell levels left.
You knew the following spells:

 Your Spells              Type           Power        Failure   Level  Hunger
a - Shock                 Conj/Air       ###.         2%          1    None


Dungeon Overview and Level Annotations

Branches:
Dungeon (4/15)
 Temple: D:4-7

Altars:
Dithmenos
Trog
Zin


Innate Abilities, Weirdness & Mutations

You can fly.
You have a beak for a mouth.
You have claws for feet.


Message History

Found 20 arrows.
You barely miss the orc. You claw the orc, but do no damage. You peck the orc.
The orc is heavily wounded.
The orc barely misses you.
You completely miss the orc. You peck the orc.
The orc is severely wounded.
The orc misses you.
The orc hits you with a whip of electrocution.
You are electrocuted!
Ouch! That really hurt!
* * * LOW HITPOINT WARNING * * *
You are too injured to fight recklessly!
You barely miss the orc. You peck the orc.
The orc is almost dead.
The orc hits you with a whip of electrocution!
* * * LOW HITPOINT WARNING * * *
You barely miss the orc.
The orc is almost dead.
The orc hits you with a whip of electrocution.
You die...

................ #..#.#
##...#
#########..#.###....#.#
........................
.........(.....<........
#.......................
.........................
.........................
........@................
##......o..$.............
...=...................
#.....................
#..................
###..(....... #.........
......... ...


You could see an orc.

Vanquished Creatures
  Jessica (D:2)
  Terence (D:2)
  Robin (D:2)
  4 adders
  2 worms
  2 giant geckos
  2 orcs (D:3)
  7 bats
  9 hobgoblins
  6 jackals (D:3)
  3 ball pythons
  6 giant cockroaches
  4 giant newts
  15 goblins
  8 kobolds
  2 quokkas (D:2)
  7 rats
80 creatures vanquished.

Notes
Turn   | Place    | Note
--------------------------------------------------------------
     0 | D:1      | Palladion, the Tengu Air Elementalist, began the quest for the Orb.
     0 | D:1      | Reached XP level 1. HP: 10/10 MP: 3/3
   211 | D:1      | Reached XP level 2. HP: 15/15 MP: 1/5
   890 | D:2      | Reached XP level 3. HP: 19/19 MP: 4/7
   908 | D:2      | Noticed Terence
   924 | D:2      | Killed Terence
  1060 | D:2      | Noticed Jessica
  1063 | D:2      | Killed Jessica
  1063 | D:2      | Reached XP level 4. HP: 16/24 MP: 5/9
  1262 | D:2      | Noticed Robin
  1271 | D:2      | Reached skill level 5 in Air Magic
  1282 | D:2      | Killed Robin
  1549 | D:2      | Reached XP level 5. HP: 28/28 MP: 6/13
  1583 | D:2      | Found a glowing silver altar of Zin.
  1584 | D:2      | Noticed an angel
  1711 | D:3      | Found a bloodstained altar of Trog.
  1713 | D:3      | Found a shadowy altar of Dithmenos.
  2526 | D:4      | HP: 1/28 [orc/whip of electrocution (7)]
  2527 | D:4      | Slain by an orc

Action                   |  1- 3 |  4- 6 || total
-------------------------+-------+-------++-------
Melee: Unarmed           |    11 |       ||    11
       Club              |       |    59 ||    59
 Cast: Shock             |    48 |    38 ||    86
 Stab: Distracted        |       |     1 ||     1
       Sleeping          |       |     2 ||     2
  Eat: Chunk             |     1 |     5 ||     6
